 Dungeon Crawl Stone Soup version 0.20-a0-40-gb6e7b4f (webtiles) character file.

30 one1010 the Skirmisher (level 3, 0/20 HPs)
             Began as a Vine Stalker Fighter on Nov 12, 2016.
             Slain by a kobold (1 damage)
             ... on level 1 of the Dungeon on Jan 7, 2017.
             The game lasted 00:03:01 (929 turns).

one1010 the Skirmisher (Vine Stalker Fighter)        Turns: 929, Time: 00:03:02

Health: 0/20       AC:  6    Str: 18    XL:     3   Next: 20%
Magic:  0/4        EV:  7    Int:  8    God:
Gold:   28         SH:  9    Dex: 14    Spells: 0 memorised, 2 levels left

rFire  . . .     SeeInvis .     a - +0 long sword
rCold  . . .     Gourm    .     b - +0 scale mail
rNeg   . . .     Faith    .     c - +0 shield
rPois  .         Spirit   +     (no helmet)
rElec  .         Reflect  .     (no cloak)
rCorr  .         Harm     .     (no gloves)
MR     .....                    (no boots)
Stlth  ..........               (no amulet)
                                (no ring)
                                (no ring)

@: no status effects
A: fangs 2, magic shield, antimagic bite, no device heal 3, rot immunity
a: no special abilities


You were on level 1 of the Dungeon.
You were not hungry.

You visited 1 branch of the dungeon, and saw 1 of its levels.

You collected 28 gold pieces.

Inventory:

Hand Weapons
 a - a +0 long sword (weapon)
Armour
 b - a +0 scale mail (worn)
 c - a +0 shield (worn)
Scrolls
 h - a scroll of identify {unknown}
Potions
 d - a potion of might
 e - a potion of curing {unknown}
 i - a potion of beneficial mutation {unknown}
 j - a potion of haste {unknown}
Comestibles
 f - a bread ration
 k - a beef jerky


   Skills:
 * Level 3.1 Fighting
 + Level 1.9 Long Blades
 + Level 2.8 Armour
 + Level 0.1 Dodging
 + Level 2.9 Shields


You had 2 spell levels left.
You didn't know any spells.

Dungeon Overview and Level Annotations

Branches:
Dungeon (1/15)

Altars:


Innate Abilities, Weirdness & Mutations

You have extremely sharp teeth.
When hurt, damage is shared between your health and your magic reserves.
Your bite disrupts and absorbs the magic of your enemies.
Potions and wands cannot restore your health.
You are immune to rotting.


Message History

You block the kobold's attack. The goblin barely misses you.
The kobold closely misses you. The goblin completely misses you.
You riposte.
You closely miss the goblin.
The goblin is moderately wounded.
The kobold hits you.
* * * LOW HITPOINT WARNING * * *
The goblin hits you with a dagger. The kobold hits you but does no damage.
The goblin barely misses you. The kobold hits you but does no damage.
You block the goblin's attack. You block the kobold's attack.
The goblin hits you but does no damage. The kobold closely misses you.
The goblin hits you with a dagger. The kobold hits you but does no damage.
The goblin barely misses you. The kobold hits you but does no damage.
The goblin barely misses you. The kobold hits you but does no damage.
You block the goblin's attack. You block the kobold's attack.
You block the goblin's attack. The kobold barely misses you.
The goblin hits you with a dagger.
* * * LOW HITPOINT WARNING * * *
The kobold hits you but does no damage. You block the goblin's attack.
The kobold hits you.
You die...

#.........## #.
########...........
#.
#.........)......##
#.
#.......#.#........
#.
#.......#.#.######.
#. #.......#.#.# #
#.......#.#.#
#.......#.#.#
#......@#.#.#
#.....Kg#.#..
#.......#.#
#.......#.#
###.....#.#
#>....#.# ......#'#
.......... .....


You could see a goblin and a kobold.

Vanquished Creatures
  An ooze (D:1)
  A dart slug (D:1)
  A giant cockroach (D:1)
  4 goblins (D:1)
  3 hobgoblins (D:1)
  3 jackals (D:1)
  3 kobolds (D:1)
  2 bats (D:1)
  A frilled lizard (D:1)
  3 rats (D:1)
22 creatures vanquished.

Notes
Turn   | Place    | Note
-------+----------+-------------------------------------------
     0 | D:1      | one1010 the Vine Stalker Fighter began the quest for the Orb.
     0 | D:1      | Reached XP level 1. HP: 11/11 MP: 2/2
    76 | D:1      | Reached XP level 2. HP: 13/16 MP: 3/3
   214 | D:1      | Reached skill level 3 in Fighting
   245 | D:1      | Reached XP level 3. HP: 11/20 MP: 4/4
   928 | D:1      | HP: 1/20 [goblin/dagger (1)]
   929 | D:1      | Slain by a kobold

Vault maps used:
D:1:      dpeg_arrival_short_road

Skill      XL: |  1  2 |
---------------+-------+-----
Fighting       | 3 |  3.1
Long Blades    | |  1.9
Armour         | |  2.8
Dodging        | |  0.1
Shields        | |  2.9

Action                   || total
-------------------------++-------
Melee: Long sword        ||    33
       Bite              ||    13
Armor: Scale mail        ||   146
Dodge: Dodged            ||   113
Block: Shield            ||   176
       Rpst.: Long sword ||    41
